 Dungeon Crawl Stone Soup version 0.28-a0-630-g0357d9c091 (webtiles) character file.

Game seed: 3157742950576997113

382 vcds the Vexing (level 6, 0/25 HPs)
             Began as a Spriggan Enchanter on Oct 9, 2021.
             Slain by an orc (3 damage)
             ... on level 5 of the Dungeon.
             The game lasted 00:12:30 (5845 turns).

vcds the Vexing (Spriggan Enchanter)                Turns: 5845, Time: 00:12:31

Health: 0/25       AC:  2    Str:  5 (6)  XL:     6   Next: 47%
Magic:  12/16      EV: 17    Int: 16 (17) God:
Gold:   2036       SH:  0    Dex: 12 (15) Spells: 9/17 levels left

rFire   . . .      SeeInvis +   a - +1 dagger
rCold   . . .      Faith    .   (shield restricted)
rNeg    . . .      Spirit   .   b - +0 robe
rPois   .          Reflect  .   (helmet restricted)
rElec   .          Harm     .   (no cloak)
rCorr   .          Rampage  .   (gloves unavailable)
Will    +....                   (boots unavailable)
Stlth   +++.......              (no amulet)
HPRegen 0.08/turn               (no ring)
MPRegen 0.15/turn               (no ring)

@: very quick
A: very small, no large weapons, unfitting armour, see invisible, speed 3, frail
1, noise suppression
a: no special abilities


You were on level 5 of the Dungeon.
You visited 1 branch of the dungeon, and saw 5 of its levels.
You also visited: Ossuary.

You collected 2036 gold pieces.

Inventory:

Hand Weapons
 a - a +1 dagger (weapon)
Armour
 b - a +0 robe (worn)
Jewellery
 e - a ring of fire
Wands
 f - a wand of iceblast (2)
 i - a wand of mindburst (29)
Scrolls
 j - a scroll of identify
 k - a scroll of magic mapping
Potions
 c - a potion of invisibility
 d - 2 potions of attraction
 g - 2 potions of flight
 h - 2 potions of lignification
 l - a potion of curing
 m - a potion of magic


   Skills:
 - Level 1.1 Short Blades
 - Level 2.6 Dodging
 - Level 4.4 Stealth
 + Level 6.2 Spellcasting
 + Level 6.7 Hexes


You had 9 spell levels left.
You knew the following spells:

 Your Spells              Type           Power      Damage    Failure   Level
a - Ensorcelled Hibernat  Hex/Ice        30%        N/A       4%          2
b - Tukima's Dance        Hex            26%        N/A       2%          3
c - Dazzling Flash        Conj/Hex       30%        N/A       10%         3

Your spell library contained the following spells:

 Spells                   Type           Power      Damage    Failure   Level
 Confusing Touch          Hex            26%        N/A       2%          3
 Summon Guardian Golem    Hex/Summ       15%        N/A       10%         3
 Summon Small Mammal      Summ           20%        N/A       14%         1
 Call Canine Familiar     Summ           5%         N/A       38%         3
 Gell's Gravitas          Tloc           2%         N/A       38%         3
 Lesser Beckoning         Tloc           5%         N/A       38%         3
 Teleport Other           Tloc           5%         N/A       38%         3


Dungeon Overview and Level Annotations

Branches:
Dungeon (4/15)            Ossuary (visited)
 Temple: D:4-7

Altars:


Innate Abilities, Weirdness & Mutations

You are very small and have problems with some larger weapons.
You are too small for most types of armour.
You have supernaturally acute eyesight. (SInv)
You cover ground extremely quickly. (Speed+++)
You are frail. (-10% HP)
You passively dampen the noise of your surroundings.


Message History

The orc priest shouts!
The orc shouts! x2
Okay, then.
Unknown command.
The orc shouts!
The orc misses you.
The orc priest looks braver for a moment.
The orc barely misses you. x2
You hit the orc priest.
The orc priest is lightly wounded.
The orc hits you with a +0 dagger.
You hit the orc priest.
The orc priest is moderately wounded.
The orc priest hits you with a +0 short sword.
The orc closely misses you. x2; The orc hits you with a +0 dagger.
The iguana barely misses you. The orc hits you with a +0 dagger.
Unknown command.
Unknown command.
Casting: Ensorcelled Hibernation (safe; 4% risk of failure)
Confirm with . or Enter, or press ? or * to list all spells.
Aiming: Ensorcelled Hibernation (safe; 4% risk of failure)
Press: ? - help, Shift-Dir - straight line, f - orc priest
Aim: an orc priest, wielding a +0 short sword (moderately wounded, chance to affect: 46%)
The orc priest resists with some effort.
The orc priest mumbles some strange prayers to Beogh against you.
Beogh smites you!
* * * LOW HITPOINT WARNING * * *
The orc barely misses you. The orc closely misses you.
The orc barely misses you. The iguana completely misses you.
The orc closely misses you.
Casting: Ensorcelled Hibernation (safe; 4% risk of failure)
Confirm with . or Enter, or press ? or * to list all spells.
Aiming: Ensorcelled Hibernation (safe; 4% risk of failure)
Press: ? - help, Shift-Dir - straight line, f/p - orc priest
Aim: an orc priest, wielding a +0 short sword (moderately wounded, chance to affect: 46%)
The orc priest resists with some effort.
The orc hits you with a +0 club.
* * * LOW HITPOINT WARNING * * *
The orc completely misses you. The orc priest barely misses you.
The orc hits you with a +0 dagger.
You die...

## #####
....#####...##
......o@o....##
..#..Zolo.....#
##...o..#...#
#......#.###
..........##
........###
##.......#
#..#.....
#..#..#..


You could see an iguana, an orc priest, 4 orcs and a howler monkey skeleton.

Vanquished Creatures
  A phantom (D:4)
  A water moccasin skeleton (D:4)
  A wight (D:4)
  A mummy (D:4)
  5 gnolls (D:3)
  3 adders
  An ufetubus (D:2)
  An adder zombie (Ossuary)
  4 worms
  2 dart slugs
  An orc (D:3)
  5 endoplasms
  2 giant cockroaches
  5 goblins
  3 hobgoblins
  4 jackals (D:1)
  5 kobolds
  2 quokkas
  10 ball pythons
  2 bats (D:1)
  3 frilled lizards
  2 hobgoblin skeletons (Ossuary)
  3 kobold zombies
  3 orc skeletons (Ossuary)
  3 orc zombies
  6 rats
79 creatures vanquished.

Vanquished Creatures (collateral kills)
  A wight (Ossuary)
1 creature vanquished.

Vanquished Creatures (others)
  4 dancing weapons
4 creatures vanquished.

Grand Total: 84 creatures vanquished

Notes
Turn   | Place    | Note
-------+----------+-------------------------------------------
     0 | D:1      | vcds the Spriggan Enchanter began the quest for the Orb.
     0 | D:1      | Reached XP level 1. HP: 9/9 MP: 5/5
   225 | D:1      | Reached XP level 2. HP: 13/13 MP: 7/7
   235 | D:1      | Learned a level 2 spell: Ensorcelled Hibernation
   559 | D:1      | Found a faded altar of an unknown god.
  1598 | D:2      | Reached XP level 3. HP: 16/16 MP: 9/9
  1602 | D:2      | Learned a level 3 spell: Tukima's Dance
  1606 | D:2      | Learned a level 3 spell: Dazzling Flash
  2667 | D:3      | Reached XP level 4. HP: 21/21 MP: 11/11
  2694 | D:2      | Reached skill level 5 in Hexes
  2959 | D:3      | Gained mutation: You are weak. (Str -2) [potion of
                  | mutation]
  2964 | D:3      | Identified 2 scrolls of acquirement
  2964 | D:3      | Acquired 1140 gold pieces
  2968 | D:3      | Acquired 721 gold pieces
  3833 | D:3      | Reached XP level 5. HP: 17/24 MP: 3/13
  4088 | D:3      | Reached skill level 5 in Spellcasting
  4173 | D:4      | Identified the +0 kite shield of Wailumimm {rElec MP+9}
  4236 | D:4      | Found a sand-covered staircase.
  4339 | Ossuary  | Entered an ossuary
  4574 | Ossuary  | Lost mutation: You are weak. (Str -2) [potion of mutation]
  4574 | Ossuary  | Gained mutation: You are frail. (-10% HP) [potion of
                  | mutation]
  4574 | Ossuary  | Gained mutation: You passively dampen the noise of your
                  | surroundings. [potion of mutation]
  4584 | Ossuary  | Noticed a flying skull
  4584 | Ossuary  | Noticed a wraith
  4593 | Ossuary  | Noticed a flying skull
  4654 | Ossuary  | Noticed a wraith
  4694 | Ossuary  | HP: 1/20 [wight (3)]
  4701 | Ossuary  | Noticed a flying skull
  5177 | D:4      | HP: 1/21 [water moccasin skeleton (7)]
  5179 | D:4      | Reached XP level 6. HP: 1/25 MP: 15/15
  5836 | D:4      | You fall into a shaft and drop 1 floor!
  5836 | D:5      | Entered Level 5 of the Dungeon
  5845 | D:5      | Slain by an orc

Illustrated notes

Levels and vault maps discovered:
D:1:      roderic_octagonal_star, layout_basic,
          hellmonk_ecumenical_altar_run_dry
D:2:      layout_loops_cross
D:3:      layout_rooms
D:4:      layout_basic, grunt_temple_overflow_open, nicolae_ossuary_entry_giza,
          st_stairs_13, uniq_pikel
D:5:      kennysheep_six_static_rooms, layout_cave_pools,
          biasface_ghost_orc_armoury

Skill      XL: |  1  2  3  4  5  6 |
---------------+-------------------+-----
Spellcasting   | 3 4 5 6 |  6.2
Hexes          | 4 5 6 |  6.7
Short Blades   | |  1.1
Dodging        | |  2.6
Stealth        | |  4.4

Action                   |  1- 3 |  4- 6 || total
-------------------------+-------+-------++-------
Melee: Dagger            |   115 |   198 ||   313
 Cast: Ensorcelled Hiber |     8 |    26 ||    34
       Tukima's Dance    |       |    10 ||    10
       Dazzling Flash    |       |     1 ||     1
Evoke: Wand              |       |     3 ||     3
  Use: Scroll            |       |    10 ||    10
       Potion            |       |     6 ||     6
 Stab: Sleeping          |    17 |    23 ||    40
       Invisible         |       |     1 ||     1
Armor: Robe              |     5 |    19 ||    24
Dodge: Dodged            |    82 |   183 ||   265

Table legend: (Time is in decaauts)
 A = Elapsed time spent in this place.
 B = Non-inter-level travel time spent in this place.
 C = Inter-level travel time spent in this place.
 D = Time resting spent in this place.
 E = Time spent auto-exploring this place.
 F = Levels seen in this place.
 G = Mean time per level.
                   A        B        C        D        E       F      G
               +--------+--------+--------+--------+--------+-----+--------+
         Total |   4934 |   4886 |     48 |   1555 |   2426 |   6 |  822.3 |
       Dungeon |   4411 |   4363 |     48 |   1396 |   2278 |   5 |  882.2 |
       Ossuary |    523 |    523 |      0 |    158 |    148 |   1 |  523.0 |
               +--------+--------+--------+--------+--------+-----+--------+

Top non-repeatable levels by time:
     D:1: 1394 daAuts
     D:2: 1348 daAuts
     D:4: 907 daAuts
     D:3: 753 daAuts
 Ossuary: 523 daAuts
     D:5: 6 daAuts
